AoeStats
← tavoo

Arabia

507841895Analyzed
1v1 RM · 14d ago on Sep 19, 2026· 25m 32s· 2 players
Game mode
Random Map
Map size
Tiny (2 player)
Population
200
Speed
Normal
Resources
Standard
Victory
Conquest
Starting age
Dark Age
Ending age
Imperial Age
RankedLock teamsTeams togetherTeam positionsShared explorationLock speedFull tech treeHidden civsTurbo modeCheats
Victory
Defeat
🇨🇦 Lithuanians · Canada
1405
+16
🇲🇽 Armenians · Mexico
1402
-16
tavoo
7:07 Loom
9:45 Feudal Age
9:47 Man-at-Arms
12:06 Long Swordsman
13:45 Scale Mail Armor
15:37 Double-Bit Axe
16:58 Fletching
20:31 Gold Mining
25:10 Castle Age
25:52 Padded Archer Armor
Diego JB
6:00 Loom
8:23 Feudal Age
8:59 Double-Bit Axe
16:12 Fletching
19:34 Wheelbarrow
22:31 Castle Age
20:56 Gold Mining
21:44 Padded Archer Armor
23:06 Bodkin Arrow
22:32 Crossbowman
25:27 Leather Archer Armor
Connection lost

Rejoining the realm…

Still unreachable

The connection could not be restored.

Session expired

The server has moved on; the page needs a fresh start.